 Dungeon Crawl Stone Soup version 0.30-a0-42-g806c11bf1d (webtiles) character file.

Game seed: 255525680763871809

1935 porpoise the Zephyrmancer (level 9, 0/54 HPs)
             Began as a Tengu Air Elementalist on Aug 31, 2022.
             Was an Initiate of Vehumet.
             Slain by a human
             ... wielding a +0 long sword
              (9 damage)
             ... on level 7 of the Dungeon.
             The game lasted 00:30:47 (7653 turns).

porpoise the Zephyrmancer (Tengu Air Elementalist)  Turns: 7653, Time: 00:30:47

Health: 0/54       AC:  4    Str:  8    XL:     9   Next: 17%
Magic:  15/15      EV: 17    Int: 17    God:    Vehumet [......]
Gold:   201        SH:  0    Dex: 18    Spells: 5/15 levels left

rFire   + . .      SeeInvis .    a - +0 dagger (elec)
rCold   . . .      Faith    .    (no shield)
rNeg    . . .      Spirit   .    e - +2 robe {rF+}
rPois   .          Reflect  .    (helmet restricted)
rElec   .          Harm     .    (no cloak)
rCorr   .          Rampage  .    (no gloves)
Will    .....                    (boots unavailable)
Stlth   +.........               (no amulet)
HPRegen 0.18/turn                (no ring)
MPRegen 0.14/turn                (no ring)

@: confused, mighty, flying quickly and evasively, quick
A: beak, talons 3, nimble flight
a: Renounce Religion


You were on level 7 of the Dungeon.
You worshipped Vehumet.
Vehumet was noncommittal.
You visited 1 branch of the dungeon, and saw 7 of its levels.

You collected 266 gold pieces.
You spent 65 gold pieces at shops.

Inventory:

Hand Weapons
 a - a +0 dagger of electrocution (weapon)
 b - a +0 hand crossbow
 o - a +2 dagger of protection
 w - a +0 long sword
Missiles
 t - 4 poisoned darts (quivered)
 v - 5 boomerangs
 B - a throwing net
Armour
 e - a +2 robe of fire resistance (worn)
Magical Staves
 j - a staff of death
Jewellery
 E - a +6 ring of strength
Wands
 y - a wand of roots (16)
 z - a wand of digging (3)
 H - a wand of charming (6)
 I - a wand of flame (1)
Scrolls
 c - 2 scrolls of teleportation
 d - a scroll of torment
 f - 2 scrolls of blinking
 k - a scroll of acquirement {unknown}
 l - a scroll of amnesia {unknown}
 m - a scroll of enchant armour
 n - a scroll of silence {unknown}
 r - a scroll of fear
 x - a scroll of butterflies {unknown}
 D - 4 scrolls of enchant weapon {unknown}
 F - a scroll of identify
 G - a scroll of summoning {unknown}
 K - a scroll of immolation {unknown}
Potions
 g - a potion of brilliance
 h - 3 potions of heal wounds
 i - a potion of mutation
 p - a potion of cancellation {unknown}
 s - a potion of attraction {unknown}
 u - a potion of degeneration {unknown}
 A - a potion of might
 C - 2 potions of magic
 J - a potion of haste {unknown}


   Skills:
 - Level 5.0 Fighting
 + Level 4.7 Dodging
 + Level 4.5 Stealth
 + Level 3.9 Spellcasting
 - Level 7.0 Conjurations
 - Level 9.0 Air Magic


You had 5 spell levels left.
You knew the following spells:

 Your Spells              Type           Power      Damage    Failure   Level
a - Shock                 Conj/Air       100%       1d9       1%          1
b - Static Discharge      Conj/Air       60%        3-7/arc   1%          2
c - Airstrike             Air            16%        2d(3-19)  4%          4
f - Swiftness             Air            33%        N/A       1%          3

Your spell library contained the following spells:

 Spells                   Type           Power      Damage    Failure   Level
 Magic Dart               Conj           100%       1d8       1%          1
 Poisonous Vapours        Pois/Air       36%        N/A       3%          2
 Necrotise                Necr           12%        1d4       16%         1
 Vampiric Draining        Necr           3%         2d6       43%         3
 Corpse Rot               Necr/Pois/Air  13%        N/A       43%         4
 Agony                    Necr           3%         N/A       99%         5


Dungeon Overview and Level Annotations

Branches:
Dungeon (7/15)
 Temple: D:4-7

Altars:
Gozag
Makhleb
Nemelex Xobeh
Okawaru
Sif Muna
Vehumet
Zin

Shops:
D:6 (

Annotations:
D:5 3 runed translucent doors, Zvl3's ghost, novice MiMo


Innate Abilities, Weirdness & Mutations

You have a beak for a mouth.
You have claws for feet.
Your magical nature lets you fly swiftly and evasively.


Message History

The human hits you with a +0 long sword.
* * * LOW HITPOINT WARNING * * *
The orc wizard gestures at you while chanting.
You easily resist.
The human closely misses you. The human misses you.
The orc wizard completely misses you.
The orc wizard gestures at you while chanting.
You easily resist.
The human closely misses you. The human barely misses you.
The orc wizard hits you with a +2 dagger of speed.
The human closely misses you. The human barely misses you.
The orc wizard points at you and mumbles some strange words.
The magic dart hits you. The human completely misses you. x2
The orc wizard gestures wildly while chanting.
The orc wizard flickers and vanishes!
Deactivating autopickup; reactivate with Ctrl-A.
The human hits you with a +0 long sword!
The human barely misses you. Something hits you but does no damage.
Okay, then.
The human closely misses you.
The human hits you with a +0 long sword!
Something hits you but does no damage. Something hits you.
* * * LOW HITPOINT WARNING * * *
The human barely misses you. x2; Something hits you.
You feel less invigorated.
The human hits you with a +0 long sword. x2
* * * LOW HITPOINT WARNING * * *
Something hits you.
* * * LOW HITPOINT WARNING * * *
Okay, then.
Unknown command.
You barely miss the human. You claw the human!
The human is heavily wounded.
You hear some strange, mumbled words.
A puff of flame appears from out of thin air!
The puff of flame misses you.
The human hits you with a +0 long sword.
* * * LOW HITPOINT WARNING * * *
The human hits you with a +0 long sword!
You die...

P# ####### ..)
#.@p..# #.# #.p{..#
..# #.#.#.#
####..#8#.#8# #
......###.###.#
#.........#
######)...####
#....))...#### ###
#.####.......###.##


You could see 2 humans.

Vanquished Creatures
  A hornet (D:6)
  Sigmund (D:5)
  An ice beast (D:5)
  An orc warrior (D:6)
  A black bear (D:4)
  2 ogres
  A centaur (D:5)
  5 scorpions
  A necrophage (D:4)
  A howler monkey (D:5)
  A crimson imp (D:6)
  A jelly (D:6)
  4 orc priests
  3 hounds
  An iguana (D:5)
  5 orc wizards
  7 gnolls (D:5)
  7 adders
  A white imp (D:6)
  A worm (D:3)
  3 dart slugs
  20 orcs
  4 endoplasms
  3 giant cockroaches
  6 goblins
  3 hobgoblins
  A jackal (D:2)
  2 kobolds
  4 quokkas
  3 ball pythons
  4 bats
  12 rats
111 creatures vanquished.

Notes
Turn   | Place    | Note
-------+----------+-------------------------------------------
     0 | D:1      | porpoise the Tengu Air Elementalist began the quest for the
                  | Orb.
     0 | D:1      | Reached XP level 1. HP: 10/10 MP: 4/4
   514 | D:1      | Reached XP level 2. HP: 13/16 MP: 4/6
  1068 | D:2      | Reached skill level 1 in Fighting
  1176 | D:2      | Reached XP level 3. HP: 20/20 MP: 7/7
  1194 | D:2      | Found a faded altar of an unknown god.
  2154 | D:3      | Reached skill level 5 in Air Magic
  2154 | D:3      | Reached XP level 4. HP: 26/26 MP: 0/8
  2331 | D:3      | Learned a level 2 spell: Static Discharge
  2336 | D:3      | Learned a level 4 spell: Airstrike
  3081 | D:4      | Noticed a necrophage
  3090 | D:4      | Killed a necrophage
  3091 | D:4      | Gained mutation: Your magical nature lets you fly swiftly
                  | and evasively. [Tengu growth]
  3091 | D:4      | Reached XP level 5. HP: 29/31 MP: 2/9
  3156 | D:4      | Found a glowing silver altar of Zin.
  3163 | D:4      | Found an opulent altar of Gozag.
  3207 | D:4      | Noticed an ogre
  3216 | D:4      | Killed an ogre
  3217 | D:4      | Reached skill level 6 in Air Magic
  3217 | D:4      | Reached XP level 6. HP: 33/37 MP: 0/10
  3519 | D:4      | Noticed a black bear
  3692 | D:4      | Reached skill level 5 in Conjurations
  3884 | D:4      | Killed a black bear
  3885 | D:4      | Reached XP level 7. HP: 36/42 MP: 6/11
  4189 | D:5      | Entered Level 5 of the Dungeon
  4363 | D:5      | Found a sparkling altar of Nemelex Xobeh.
  4381 | D:5      | Found a runed translucent gate.
  4381 | D:5      | Found a runed translucent gate.
  4384 | D:5      | Found a runed translucent gate.
  4414 | D:5      | Noticed Zvl3's ghost (novice MiMo)
  4418 | D:5      | Identified the +1 leather armour of the Monk {rElec rPois
                  | Int+2}
  4427 | D:5      | Reached skill level 7 in Air Magic
  4618 | D:5      | Learned a level 3 spell: Swiftness
  5341 | D:5      | Reached XP level 8. HP: 48/48 MP: 12/12
  5355 | D:5      | Noticed Sigmund
  5360 | D:5      | Killed Sigmund
  5361 | D:5      | Reached skill level 5 in Fighting
  5361 | D:5      | Reached skill level 8 in Air Magic
  5591 | D:5      | Found a shimmering blue altar of Sif Muna.
  5599 | D:5      | Reached skill level 9 in Air Magic
  5693 | D:5      | Got Sif Muna's Cyclopedia of Arcane Weapons
  5696 | D:5      | Got Sif Muna's Incunable of the Mortuary
  6456 | D:6      | Noticed a hornet
  6496 | D:6      | Killed a hornet
  6556 | D:6      | Found Lomepofu's Firing Range.
  6561 | D:6      | Bought a throwing net for 30 gold pieces
  6561 | D:6      | Bought a +0 hand crossbow for 35 gold pieces
  6683 | D:6      | Reached XP level 9. HP: 28/54 MP: 7/15
  7550 | D:6      | Found a burning altar of Makhleb.
  7550 | D:6      | Found a radiant altar of Vehumet.
  7560 | D:6      | Became a worshipper of Vehumet
  7630 | D:7      | Found an iron altar of Okawaru.
  7653 | D:7      | Slain by a human

Illustrated notes

Levels and vault maps discovered:
D:1:      minmay_arrival_five_plusses, layout_basic
D:2:      minmay_angry_zag, layout_loops_ring, basic_ecumenical_altar
D:3:      minmay_evil_eye, layout_basic
D:4:      layout_cave_pools, grunt_temple_overflow_gold_and_silver
D:5:      layout_loops_corners, overflow_temple_1_default,
          nicolae_sif_muna_little_library, biasface_ghost_orc_armoury,
          uniq_sigmund
D:6:      layout_loops_ring, grunt_temple_overflow_lords_of_destruction,
          kennysheep_donut, nicolae_shop_firing_range
D:7:      cheibrodos_fertilizer, layout_loops_ring, okawaru_humans,
          minmay_temple_entry_gardened_gates, guppyfry_early_elven_hall

Skill      XL: |  1  2  3  4  5  6  7  8  9 |
---------------+----------------------------+-----
Conjurations   | 2 3 4 5 6 7 |  7.0
Fighting       | 1 2 3 4 5 |  5.0
Air Magic      | 5 6 7 9 |  9.0
Dodging        | 4 |  4.7
Stealth        | 3 4 |  4.5
Spellcasting   | 3 |  3.9

Action                   |  1- 3 |  4- 6 |  7- 9 || total
-------------------------+-------+-------+-------++-------
Melee: Dagger            |    12 |    20 |    54 ||    86
       Kick              |     1 |     5 |    16 ||    22
       Peck              |     1 |     4 |    19 ||    24
       Punch             |       |       |     1 ||     1
 Fire: Hand crossbow     |       |       |    10 ||    10
Throw: Dart              |       |       |     2 ||     2
 Cast: Shock             |    55 |    33 |    18 ||   106
       Static Discharge  |       |    10 |    30 ||    40
Evoke: Wand              |       |       |     2 ||     2
  Use: Scroll            |       |     1 |     7 ||     8
       Potion            |       |       |     3 ||     3
 Stab: Sleeping          |     2 |     5 |     5 ||    12
Armor: Robe              |    15 |    12 |    10 ||    37
Dodge: Dodged            |    19 |    39 |    78 ||   136

Table legend: (Time is in decaauts)
 A = Elapsed time spent in this place.
 B = Non-inter-level travel time spent in this place.
 C = Inter-level travel time spent in this place.
 D = Time resting spent in this place.
 E = Time spent auto-exploring this place.
 F = Levels seen in this place.
 G = Mean time per level.
                   A        B        C        D        E       F      G
               +--------+--------+--------+--------+--------+-----+--------+
         Total |   7439 |   7177 |    262 |   2866 |   3309 |   7 | 1062.7 |
       Dungeon |   7439 |   7177 |    262 |   2866 |   3309 |   7 | 1062.7 |
               +--------+--------+--------+--------+--------+-----+--------+

Top non-repeatable levels by time:
     D:5: 2148 daAuts
     D:2: 1264 daAuts
     D:6: 1094 daAuts
     D:4: 1058 daAuts
     D:1: 958 daAuts
     D:3: 866 daAuts
     D:7: 49 daAuts
